 Dungeon Crawl Stone Soup version 0.14-a0-882-gdff4d47 (webtiles) character file.

11098 BillyHerrington the Grappler (level 11, 107/107 HPs)
             Began as a Troll Berserker on Nov 1, 2013.
             Was a Priest of Trog.
             Quit the game on Level 14 of the Dungeon on Nov 16, 2013.
             The game lasted 00:22:12 (5001 turns).

BillyHerrington the Grappler (Troll Berserker)      Turns: 5001, Time: 00:22:12

HP 107/107       AC  9     Str 31      XL: 11   Next: 33%
MP   3/3         EV 10     Int  6      God: Trog [***...]
Gold 899         SH  0     Dex  9      Spells:  0 memorised, 10 levels left

Res.Fire  : . . .   See Invis. : +     - Unarmed
Res.Cold  : . . .   Warding    : .   b - +0 animal skin (curse)
Life Prot.: . . .   Conserve   : .   (shield restricted)
Res.Poison: .       Res.Corr.  : .   (helmet restricted)
Res.Elec. : .       Clarity    : .   r - +0 cloak
Sust.Abil.: . .     Spirit.Shd : .   (gloves unavailable)
Res.Mut.  : .       Stasis     : .   (boots unavailable)
Res.Rott. : .       Flight     : .   (no amulet)
Gourmand  : +                        (no ring)
                                     j - +3 ring of protection

@: somewhat resistant to hostile enchantments, very unstealthy
A: unfitting armour, claws 3, see invisible, breathe flames 1, fast metabolism
3, gourmand, regeneration 2, +10% hp, saprovore 2, tough skin 2, AC +1, Str +2,
Int +2
a: Burn Spellbooks, Berserk, Trog's Hand, Renounce Religion, Breathe Fire


You were on level 14 of the Dungeon.
You worshipped Trog.
Trog was most pleased with you.
You were completely stuffed.

You visited 1 branch of the dungeon, and saw 14 of its levels.

You collected 938 gold pieces.
You spent 39 gold pieces at shops.

Inventory:

Missiles
 c - 15 stones (quivered)
 d - 8 silver tomahawks
 t - 4 large rocks
Armour
 b - a cursed +0 animal skin (worn)
 n - a +0 shield of fire resistance
 r - a +0 cloak (worn)
Magical devices
 l - a wand of lightning (6) {unknown}
Comestibles
 a - 5 meat rations
 g - 2 apples
 h - 12 sultanas
Scrolls
 q - a scroll of noise {unknown}
Jewellery
 j - a +3 ring of protection (left claw)
Potions
 k - a potion of magic
 m - a potion of confusion
 p - 3 potions of berserk rage
 s - a potion of curing {unknown}
Books
 e - a book of Fire

   Spells                             Type                      Level
   Fire Brand                         Charms/Fire                  2
   Ignite Poison                      Fire/Transmutation           5
   Fireball                           Conjuration/Fire             5
   Bolt of Fire                       Conjuration/Fire             6
   Delayed Fireball                   Conjuration/Fire             7
   Ring of Flames                     Charms/Fire                  7
   Trog disapproves of the use of such an item.


   Skills:
 - Level 2.4 Fighting
 + Level 9.2 Throwing
 - Level 2.6 Dodging
 - Level 14.5 Unarmed Combat


You had 10 spell levels left.
You didn't know any spells.

Dungeon Overview and Level Annotations

Branches:
Dungeon (14/27)            Temple (0/1) D:6            Lair (0/8) D:13
    Orc: D:6-11      Vaults: D:1-3          Zot: D:6

Altars:
Yredelemnul

Shops:
D:12 ?

Annotations:
D:9 exclusion: downstairs
D:10 exclusion: downstairs, Fannar
D:11 exclusion: downstairs
D:12 exclusion: downstairs
D:13 Nessos


Innate Abilities, Weirdness & Mutations

You are too large for most types of armour.
You have claws for hands.
Your metabolism is lightning-fast.
You like to eat raw meat.
You heal very quickly.
You can eat rotten meat.
You are covered in fur (AC +1).
You have very tough skin (AC +2).
You have supernaturally acute eyesight.
You can breathe flames.
Your mind is acute. (Int +2)
You are robust (+10% HP).
Your muscles are strong. (Str +2)


Message History

[f] Wand [g] Miscellaneous [h] Food [i] Gold [j] Ammunition What kind of item would you like to acquire? (\ to view known items)
Something appears at your feet!
You now have 899 gold pieces (gained 720).
You need a rune to go deeper.
Welcome back, BillyHerrington the Troll Berserker.
Trog says: Kill them all!
Press ? for a list of commands and other information.
You need a rune to go deeper.
Press: ? - help, v - describe, . - travel A stone staircase leading down.
Save game and exit?
Welcome back, BillyHerrington the Troll Berserker.
Trog says: Kill them all!
Press ? for a list of commands and other information.
You need a rune to go deeper.
Welcome back, BillyHerrington the Troll Berserker.
Trog says: Kill them all!
Press ? for a list of commands and other information.
Are you sure you want to abandon this character and quit the game? (Confirm with "yes".)

## #..
#..##################
#####....................
........@.............###
....................###
...................#
.......###+###.....#
....... #...### ......
#...# ##### #...# #...# .


There were no monsters in sight!

Vanquished Creatures
  A centaur warrior (D:13)
  Erolcha (D:12)
  2 unseen horrors
  2 hill giants (D:10)
  A cyclops (D:12)
  A boulder beetle (D:10)
  2 slime creatures (D:14)
  A basilisk (D:11)
  2 hippogriffs
  A wyvern (D:12)
  3 wraiths
  An ice dragon skeleton (D:12)
  6 ugly things
  5 yaks (D:14)
  2 hill giant zombies
  2 hill giant skeletons
  2 orc warriors (D:10)
  A sky beast (D:9)
  6 centaurs
  4 ogres
  A yaktaur zombie (D:13)
  5 giant frogs
  A manticore zombie (D:14)
  A water moccasin (D:9)
  8 killer bees
  3 crimson imps
  3 iguanas
  An orc priest (D:9)
  A jelly (D:11)
  2 hounds
  3 orc wizards
  5 worker ants
  A sky beast zombie (D:12)
  Ijyb (D:7)
  A mottled dragon skeleton (D:12)
  4 adders
  A worm (D:12)
  An iguana zombie (D:11)
  An adder skeleton (D:7)
  A giant gecko (D:4)
  11 orcs
  2 giant cockroaches
  3 goblins
  2 hobgoblins
  2 kobolds
  2 quokkas
  A bat (D:9)
  4 jackals (D:11)
  A kobold skeleton (D:6)
  2 rats (D:9)
121 creatures vanquished.

Vanquished Creatures (collateral kills)
  3 slime creatures (D:14)
3 creatures vanquished.

Grand Total: 124 creatures vanquished

Notes
Turn   | Place    | Note
--------------------------------------------------------------
     0 | D:1      | BillyHerrington, the Troll Berserker, began the quest for the Orb.
     0 | D:1      | Reached XP level 1. HP: 23/23 MP: 0/0
   265 | D:3      | Reached XP level 2. HP: 31/31 MP: 0/0
   491 | D:5      | Entered Level 5 of the Dungeon
   511 | D:5      | Reached skill level 4 in Unarmed Combat
   605 | D:5      | Reached XP level 3. HP: 37/37 MP: 1/1
   693 | D:6      | Found a basalt altar of Yredelemnul.
   736 | D:6      | Reached skill level 5 in Unarmed Combat
   736 | D:6      | Reached XP level 4. HP: 46/46 MP: 1/1
   828 | D:6      | Found a staircase to the Ecumenical Temple.
   837 | D:7      | Noticed Ijyb
   862 | D:7      | Killed Ijyb
   881 | D:7      | Noticed a sky beast
   899 | D:7      | Reached XP level 5. HP: 48/53 MP: 1/1
   912 | D:7      | Noticed an ogre
   925 | D:7      | Killed an ogre
   925 | D:7      | Reached skill level 6 in Unarmed Combat
  1069 | D:9      | Reached XP level 6. HP: 52/61 MP: 2/2
  1091 | D:9      | Noticed a hill giant zombie
  1102 | D:9      | Killed a hill giant zombie
  1102 | D:9      | Reached skill level 7 in Unarmed Combat
  1191 | D:10     | Entered Level 10 of the Dungeon
  1191 | D:10     | Noticed a hill giant
  1191 | D:10     | Noticed a hill giant
  1202 | D:9      | Noticed a sky beast
  1217 | D:9      | Killed a sky beast
  1217 | D:9      | Reached skill level 8 in Unarmed Combat
  1217 | D:9      | Reached XP level 7. HP: 68/68 MP: 2/2
  1343 | D:10     | Acquired Trog's second power
  1622 | D:9      | Reached skill level 9 in Unarmed Combat
  1629 | D:9      | Noticed an ogre
  1638 | D:9      | Killed an ogre
  1793 | D:10     | Noticed Fannar
  1799 | D:9      | Reached XP level 8. HP: 70/76 MP: 2/2
  1814 | D:9      | Gained mutation: You tend to lose your temper in combat. [potion of mutation]
  1814 | D:9      | Gained mutation: Your muscles are strong. (Str +2) [potion of mutation]
  1814 | D:9      | Gained mutation: You have supernaturally acute eyesight. [potion of mutation]
  1878 | D:10     | Noticed an unseen horror
  1888 | D:10     | Killed an unseen horror
  1888 | D:10     | Reached skill level 11 in Unarmed Combat
  2187 | D:10     | Killed a hill giant
  2187 | D:10     | Reached skill level 12 in Unarmed Combat
  2187 | D:10     | Reached XP level 9. HP: 83/83 MP: 3/3
  2250 | D:10     | Killed a hill giant
  2366 | D:10     | Reached skill level 13 in Unarmed Combat
  2682 | D:11     | Reached skill level 14 in Unarmed Combat
  2682 | D:11     | Reached XP level 10. HP: 92/92 MP: 3/3
  2750 | D:11     | Gained mutation: You are robust (+10% HP). [mutagenic meat]
  2751 | D:11     | Gained mutation: Your mind is acute. (Int +2) [mutagenic meat]
  2752 | D:11     | Gained mutation: You can breathe flames. [mutagenic meat]
  2754 | D:11     | Lost mutation: You tend to lose your temper in combat. [mutagenic meat]
  2832 | D:12     | Found Rikeixze's Magic Scroll Shop.
  2839 | D:12     | Bought a scroll of teleportation for 39 gold pieces
  2845 | D:12     | Noticed Erolcha
  2851 | D:12     | Killed Erolcha
  3007 | D:12     | Noticed a seven-headed hydra
  3095 | D:11     | Reached skill level 1 in Throwing
  3165 | D:11     | Noticed an unseen horror
  3175 | D:11     | Killed an unseen horror
  3494 | D:12     | Reached skill level 5 in Throwing
  3967 | D:12     | Noticed a cyclops
  3978 | D:12     | Killed a cyclops
  3981 | D:12     | Identified a scroll of acquirement
  3999 | D:13     | Noticed a centaur warrior
  4123 | D:13     | Killed a centaur warrior
  4127 | D:13     | Reached XP level 11. HP: 65/107 MP: 3/3
  4367 | D:13     | Found a staircase to the Lair.
  4388 | D:13     | Noticed Nessos
  4389 | D:14     | Entered Level 14 of the Dungeon
  4605 | D:14     | Acquired Trog's third power
  4634 | D:14     | Received a gift from Trog
  4999 | D:14     | Upgraded the game from 0.14-a0-504-gf2529f3 to 0.14-a0-519-g334afa2
  5001 | D:14     | Upgraded the game from 0.14-a0-519-g334afa2 to 0.14-a0-882-gdff4d47
  5001 | D:14     | Quit the game

Action                   |  1- 3 |  4- 6 |  7- 9 | 10-12 || total
-------------------------+-------+-------+-------+-------++-------
Melee: Unarmed           |    45 |    52 |   130 |   201 ||   428
Invok: Berserk           |     3 |     3 |     9 |     6 ||    21
       Brothers in Arms  |       |       |       |     1 ||     1
  Use: Scroll            |       |       |     4 |     7 ||    11
       Potion            |       |       |     2 |       ||     2
